 Dungeon Crawl Stone Soup version 0.30.1-11-g7821555f0a (webtiles) character file.

Game seed: 13012716747989360955

27463 pkoi the Black Belt (level 13, -17/104 HPs)
             Began as a Red Draconian Monk on Oct 27, 2023.
             Was the Champion of Hepliaklqana.
             Killed from afar by a rime drake (21 damage)
             ... with an icy flash freeze
             ... on level 4 of the Lair of Beasts.
             The game lasted 00:26:01 (20350 turns).

pkoi the Black Belt (Red Draconian Monk)           Turns: 20350, Time: 00:26:02

Health: -17/104    AC: 13    Str: 14    XL:     13   Next: 4%
Magic:  11/13      EV: 16    Int: 14    God:    Hepliaklqana [******]
Gold:   1000       SH:  5    Dex: 15    Spells: 12/12 levels left

rFire   + .          .
                       - Unarmed
rCold   + . .        (no shield)
rNeg    . . .        (body armour unavailable)
rPois   .            (helmet restricted)
rElec   .            L - +0 cloak
rCorr   .            (no gloves)
SInv    .            (no boots)
Will    .....        i - amulet of reflection
Stlth   ++++         o - ring of protection from cold
HPRegen 0.37/turn    I - +4 ring of protection
MPRegen 0.13/turn

%: reflection
@: about to teleport, marked
A: reduced essence, breathe fire, AC +8, unfitting armour, fire resistance 1,
cold-blooded
a: Breathe Fire, Renounce Religion, Recall Ancestor, Ancestor Identity,
Transference, Idealise


You were on level 4 of the Lair of Beasts.
You worshipped Hepliaklqana.
Hepliaklqana was exalted by your worship.
You visited 3 branches of the dungeon, and saw 18 of its levels.
You also visited: Sewer and Bailey.

You collected 1000 gold pieces.

Inventory:

Hand Weapons
 e - a +0 short sword of protection
 s - a +2 dagger of venom
 t - the +4 whip of Biris {flame, Str+5 Int+6 Stlth-}
   (You found it on level 5 of the Dungeon)

   Str:       It affects your strength (+5).
   Int:       It affects your intelligence (+6).
   Stlth:     It makes you less stealthy.
Missiles
 C - 21 poisoned darts (quivered)
Armour
 b - an orb of light
 L - a +0 cloak (worn)
Jewellery
 i - an amulet of reflection (around neck)
 l - a +6 ring of intelligence
 o - a ring of protection from cold (left hand)
 p - a ring of fire
 y - a ring of protection from fire
 A - a +6 ring of dexterity
 B - a ring of resist corrosion
 F - a ring of magical power
 G - an amulet of guardian spirit
 I - a +4 ring of protection (right hand)
Wands
 c - a wand of flame (42)
Scrolls
 g - 4 scrolls of magic mapping
 h - 3 scrolls of enchant weapon
 j - 8 scrolls of teleportation
 k - 2 scrolls of brand weapon
 n - 8 scrolls of fog
 r - 2 scrolls of blinking
 u - a scroll of fear
 v - 3 scrolls of identify
 z - 2 scrolls of poison
 D - a scroll of enchant armour
 K - a scroll of silence
Potions
 a - 4 potions of ambrosia
 d - 10 potions of curing
 f - 2 potions of might
 m - 3 potions of heal wounds
 q - 2 potions of berserk rage
 w - 3 potions of resistance
 x - 2 potions of invisibility
 E - a potion of haste
 H - 2 potions of lignification
 J - a potion of flight


   Skills:
 + Level 11.0 Fighting
 + Level 9.2 Dodging
 - Level 9.0 Stealth
 + Level 15.6 Unarmed Combat


You had 12 spell levels left.
You didn't know any spells.
Your spell library contained the following spells:

 Spells                   Type           Power      Damage    Failure   Level
 Cigotuvi's Dreadful Rot  Necr/Pois/Air  0%         N/A       41%         2
 Ignite Poison            Fire/Tmut/Pois 0%         N/A       65%         3
 Ozocubu's Armour         Ice            0%         N/A       65%         3
 Anguish                  Hex/Necr       0%         N/A       96%         4
 Cause Fear               Hex            0%         N/A       96%         4
 Dispel Undead            Necr           0%         3d6       96%         4
 Fireball                 Conj/Fire      0%         3d3       100%        5
 Freezing Cloud           Conj/Ice/Air   0%         6-21      100%        5
 Iskenderun's Battlesphe  Conj           0%         2d6       100%        5
 Metabolic Englaciation   Hex/Ice        0%         N/A       100%        5
 Conjure Ball Lightning   Conj/Air       0%         3x3d6     100%        6
 Death Channel            Necr           0%         N/A       100%        6
 Simulacrum               Ice/Necr       0%         N/A       100%        6
 Enfeeble                 Hex            0%         N/A       100%        7
 Orb of Destruction       Conj           0%         9d5       100%        7
 Ozocubu's Refrigeration  Ice            0%         4d7       100%        7


Dungeon Overview and Level Annotations

Branches:
Dungeon (12/15)            Temple (1/1) D:7            Lair (5/5) D:10
  Swamp (0/4) Lair:2        Snake (0/4) Lair:2        Sewer (visited)
 Bailey (visited)
  Slime: Lair:4-5       Orc: D:9-12

Altars:
Ashenzari
Cheibriados
Dithmenos
Elyvilon
Fedhas
Gozag
Hepliaklqana
Kikubaaqudgha
Makhleb
Nemelex Xobeh
Okawaru
Qazlal
Ru
Sif Muna
Trog
Uskayaw
Vehumet
Wu Jian
Xom
Yredelemnul
Zin
The Shining One

Shops:
D:4 (   D:8 *

Annotations:
D:12 Sonja


Innate Abilities, Weirdness & Mutations

Your life essence is reduced to manifest your ancestor. (-10% HP)
You can breathe blasts of fire.
Your fiery red scales are hard. (AC +8)
You cannot fit into any form of body armour.
Your flesh is heat resistant. (rF+)
You are cold-blooded and may be slowed by cold attacks.


Message History

You hear an angry hiss.
You hear a bellow! x2; You hear a howl!
You hear a bleat! x4; You hear a roar!
You hear a trumpeting!
You hear a bleat! x2
You hear a trumpeting!
You hear an angry hiss.
You hear a bellow!
There is a stone staircase leading up, spattered with blood here.
Unknown command.
Unknown command.
Unknown command.
Unknown command.
You hear a bellow!
The black mamba misses the cane toad.
The black mamba bites itself but does no damage.
The rime drake bites you but does no damage.
The cane toad misses you.
Wilfreda hits the black mamba with a +0 dagger of draining.
Wilfreda drains the black mamba.
The dream sheep bites you but does no damage.
You climb upwards.
There is a stone staircase leading down here.
Unknown command.
Unknown command.
Unknown command.
Wilfreda is recalled.
The rime drake bites you but does no damage.
The cane toad stings you!
* * * LOW HITPOINT WARNING * * *
The dream sheep ruffles its wool and motes of dream dust sparkle, to no effect.
Unknown command.
Unknown command.
As you read the scroll of fear, it crumbles to dust.
You assume a fearsome visage.
The dream sheep looks frightened!
The dream sheep panics and turns to flee.
The rime drake looks frightened!
The cane toad looks frightened!
Wilfreda gestures at the rime drake while chanting.
Wilfreda's attack snaps the rime drake out of its fear.
The rime drake seems to slow down.
As you read the scroll of teleportation, it crumbles to dust.
You feel strangely unstable. The rime drake breathes ice at you.
The icy flash freeze hits you!! You partially resist.
You die...

# #.........~~~#~.P# ##.# #
###.......~~~~~.#### ######
#P...##...........# ####P.##.
#####................###.....###
##.###......~~~~..............#.#
.....#......~~#~.................
............~~~~.Y###...........#
~P.P.#.........R..###.........###
~≈~#............@..............##
~≈≈≈.).........~≈≈~..............
~~~~...........~≈#k..............
~P#..........F.~≈~~..........##P.
.........................##.#####
.#.##.#.#####...#...#P...#.##
######### ################


You could see the friendly Wilfreda the hexer, a cane toad (fleeing), a rime
drake (slow, catching breath, ally target) and a dream sheep (fleeing).

Vanquished Creatures
  Snorg (D:11)
  A catoblepas (Lair:5)
  3 boulder beetles (D:11)
  5 two-headed ogres
  A skyshark (Lair:2)
  Amaemon (Lair:1)
  An ugly thing (D:7)
  A manticore (D:11)
  2 black mambas
  Maurice (D:11)
  A gargoyle (D:11)
  An orange demon (Lair:1)
  5 cane toads
  4 kobold demonologists (D:10)
  2 komodo dragons (Lair:1)
  A rime drake (Lair:3)
  A troll (D:11)
  A hornet (D:9)
  A polar bear (Lair:3)
  A tyrant leech (Lair:2)
  4 blink frogs (Lair:2)
  A dream sheep (Lair:5)
  A vampire (D:11)
  10 yaks
  3 wyverns
  A shadow (D:11)
  A basilisk (Lair:5)
  A steam dragon (D:9)
  2 nagas (Lair:2)
  An acid dragon (D:11)
  3 water moccasins
  Duvessa (D:7)
  4 orc warriors
  4 wolves (Lair:4)
  5 centaurs
  2 phantoms
  2 kobold brigands
  7 bullfrogs
  2 scorpions (D:5)
  A gnoll sergeant (D:8)
  Dowan (D:7)
  3 killer bees (D:9)
  5 electric eels (D:9)
  4 howler monkeys
  A hound (D:5)
  A gnoll bouda (D:5)
  4 orc priests
  3 iguanas
  11 orc wizards
  4 hell rats
  6 gnolls
  5 adders
  2 river rats (Sewer)
  2 shadow imps (D:6)
  2 white imps
  5 worms
  2 dart slugs
  29 orcs
  7 endoplasms
  4 giant cockroaches
  15 goblins
  9 hobgoblins
  6 jackals
  4 quokkas
  7 ball pythons
  3 bats
  A frilled lizard (D:2)
  7 kobolds
  17 rats
261 creatures vanquished.

Vanquished Creatures (collateral kills)
  A catoblepas (Lair:3)
  A boulder beetle (D:11)
  Pikel (D:5)
  A cyclops (D:11)
  A black mamba (Lair:2)
  2 cane toads
  An unseen horror (D:10)
  A kobold demonologist (D:10)
  Maggie (D:8)
  Prince Ribbit (D:8)
  7 yaks
  2 wyverns
  A wraith (D:11)
  A basilisk (Lair:2)
  A naga (Lair:2)
  2 water moccasins
  2 wolves (Lair:4)
  An ogre (D:5)
  A phantom (D:5)
  3 bullfrogs
  A scorpion (D:7)
  An electric eel (D:9)
  2 howler monkeys
  An orc priest (D:9)
  2 orc wizards
  An iguana (D:5)
  A hell rat (Lair:3)
  2 gnolls
  2 worms (D:6)
  16 orcs
  2 goblins
  A kobold (D:10)
64 creatures vanquished.

Vanquished Creatures (others)
  4 hexers
  An orc wizard (D:8)
  2 kobolds (D:9)
7 creatures vanquished.

Grand Total: 332 creatures vanquished

Notes
Turn   | Place    | Note
-------+----------+-------------------------------------------
     0 | D:1      | pkoi the Draconian Monk began the quest for the Orb.
     0 | D:1      | Reached XP level 1. HP: 19/19 MP: 1/1
   147 | D:1      | Reached XP level 2. HP: 23/26 MP: 2/2
   306 | D:1      | Reached skill level 4 in Unarmed Combat
   942 | D:2      | Found a blossoming altar of Fedhas.
  1140 | D:2      | Reached XP level 3. HP: 24/31 MP: 3/3
  1863 | D:3      | Reached skill level 5 in Unarmed Combat
  1863 | D:3      | Reached XP level 4. HP: 16/38 MP: 4/4
  2467 | D:3      | Found a glowing drain.
  2483 | Sewer    | Entered a sewer
  2552 | Sewer    | Reached XP level 5. HP: 30/45 MP: 5/5
  3293 | D:4      | Found a hazy altar of Hepliaklqana.
  3302 | D:4      | Found a glowing silver altar of Zin.
  3302 | D:4      | Found an iron altar of Okawaru.
  3320 | D:4      | Became a worshipper of Hepliaklqana the Forgotten
  3320 | D:4      | Reached * piety under Hepliaklqana
  3320 | D:4      | Reached ** piety under Hepliaklqana
  3321 | D:4      | Remembered your ancestor Wilfreda as a hexer
  3549 | D:4      | Found Wepoeriy's Weapon Boutique.
  3697 | D:4      | Found a shadowy altar of Dithmenos.
  3709 | D:4      | Found a burning altar of Makhleb.
  3709 | D:4      | Noticed a phantom
  3719 | D:4      | Killed a phantom
  3889 | D:4      | Reached XP level 6. HP: 46/46 MP: 6/6
  4129 | D:5      | Entered Level 5 of the Dungeon
  4137 | D:5      | Reached skill level 6 in Unarmed Combat
  4407 | D:5      | Reached skill level 5 in Fighting
  4407 | D:5      | Your scales start taking on a fiery red colour.
  4407 | D:5      | Reached XP level 7. HP: 52/54 MP: 7/7
  4407 | D:5      | Gained mutation: Your flesh is heat resistant. (rF+) [Red
                  | Draconian growth]
  5075 | D:5      | Noticed Pikel
  5103 | D:5      | Killed Pikel
  5104 | D:5      | Reached skill level 5 in Dodging
  5104 | D:5      | Reached skill level 7 in Unarmed Combat
  5104 | D:5      | Reached XP level 8. HP: 8/63 MP: 8/8
  5619 | D:5      | Identified the +4 whip of Biris {flame, Str+5 Int+6 Stlth-}
  5689 | D:6      | Found a hide-covered altar of Uskayaw.
  5720 | D:6      | Found a white marble altar of Elyvilon.
  6038 | D:6      | Found a snail-covered altar of Cheibriados.
  6210 | D:6      | Noticed a moth of wrath
  6213 | D:6      | Found a bloodstained altar of Trog.
  6485 | D:6      | Reached *** piety under Hepliaklqana
  7062 | D:7      | Found a flagged portal.
  7074 | Bailey   | Entered a bailey
  7278 | Bailey   | Reached skill level 1 in Stealth
  7278 | Bailey   | Reached skill level 8 in Unarmed Combat
  7332 | Bailey   | Noticed an orc knight
  7430 | D:7      | Noticed Dowan
  7440 | D:7      | Noticed Duvessa
  7445 | D:7      | Noticed a brown ugly thing
  7448 | D:7      | Killed Duvessa
  7620 | D:7      | Killed Dowan
  7621 | D:7      | Reached XP level 9. HP: 71/71 MP: 9/9
  7694 | D:7      | Killed a brown ugly thing
  7700 | D:7      | Found a staircase to the Ecumenical Temple.
  8254 | D:7      | Identified the +5 short sword "Fiqu" {freeze, *Slow rF+
                  | Int+6}
  8370 | Temple   | Entered the Ecumenical Temple
  8574 | D:8      | Found a sacrificial altar of Ru.
  8883 | D:8      | Reached skill level 9 in Unarmed Combat
  9102 | D:8      | Found Vistrack's General Store.
  9107 | D:8      | Noticed Maggie
  9122 | D:8      | Killed Maggie
  9140 | D:8      | Noticed Prince Ribbit
  9146 | D:8      | Killed Prince Ribbit
  9154 | D:8      | Reached skill level 5 in Stealth
  9159 | D:8      | Reached XP level 10. HP: 61/81 MP: 10/10
  9728 | D:9      | Reached **** piety under Hepliaklqana
  9759 | D:9      | Reached skill level 10 in Unarmed Combat
 10033 | D:9      | Noticed a two-headed ogre
 10045 | D:9      | Killed a two-headed ogre
 10198 | D:9      | Reached skill level 11 in Unarmed Combat
 10202 | D:9      | Noticed a two-headed ogre
 10253 | D:9      | Killed a two-headed ogre
 11380 | D:9      | Paralysed by a hornet for 2 turns
 11431 | D:9      | Reached skill level 12 in Unarmed Combat
 12227 | D:10     | Entered Level 10 of the Dungeon
 12442 | D:10     | Noticed a two-headed ogre
 12453 | D:10     | Reached XP level 11. HP: 70/87 MP: 11/11
 12463 | D:10     | Killed a two-headed ogre
 12638 | D:10     | Reached skill level 13 in Unarmed Combat
 12751 | D:10     | Noticed a two-headed ogre
 12757 | D:10     | Killed a two-headed ogre
 13039 | D:10     | Found a staircase to the Lair.
 13183 | D:10     | Found a basalt altar of Yredelemnul.
 13255 | D:11     | Noticed Maurice
 13257 | D:11     | Noticed Snorg
 13311 | D:11     | Killed Snorg
 13562 | D:11     | Noticed a boulder beetle
 13584 | D:11     | HP: 4/87 [manticore (3)]
 13584 | D:11     | Killed a boulder beetle
 13585 | D:11     | HP: 1/87 [manticore (4)]
 13854 | D:11     | Noticed a boulder beetle
 13871 | D:11     | Killed a boulder beetle
 13880 | D:11     | Killed Maurice
 13881 | D:11     | Reached skill level 14 in Unarmed Combat
 13968 | D:11     | Reached ***** piety under Hepliaklqana
 13995 | D:11     | Noticed a boulder beetle
 13996 | D:11     | Noticed a boulder beetle
 14050 | D:11     | Killed a boulder beetle
 14638 | D:11     | Killed a boulder beetle
 14639 | D:11     | Reached XP level 12. HP: 74/93 MP: 12/12
 14704 | D:11     | Noticed a two-headed ogre
 14711 | D:11     | Killed a two-headed ogre
 14848 | D:12     | Noticed a boulder beetle
 14848 | D:12     | Noticed Sonja
 14903 | Lair:1   | Entered Level 1 of the Lair of Beasts
 15208 | Lair:1   | Noticed Amaemon
 15217 | Lair:1   | Killed Amaemon
 16701 | Lair:2   | Reached skill level 15 in Unarmed Combat
 17112 | Lair:2   | Found a staircase to the Swamp.
 17485 | Lair:2   | Found a staircase to the Snake Pit.
 17704 | Lair:3   | Reached skill level 10 in Fighting
 18351 | Lair:3   | Noticed a catoblepas
 18359 | Lair:3   | Killed a catoblepas
 19188 | Lair:4   | Reached ****** piety under Hepliaklqana
 20173 | Lair:5   | Entered Level 5 of the Lair of Beasts
 20173 | Lair:5   | Noticed a catoblepas
 20181 | Lair:5   | Killed a catoblepas
 20182 | Lair:5   | Reached XP level 13. HP: 100/103 MP: 13/13
 20348 | Lair:4   | HP: 3/104 [cane toad (15)]
 20350 | Lair:4   | Killed from afar by a rime drake

Illustrated notes

Levels and vault maps discovered:
D:1:      dpeg_chamrin_arrival_tetris, layout_loops_ring
D:2:      minmay_chambers_of_twos, layout_loops_ring, basic_altar
D:3:      cheibrodos_greedy_goblins, layout_loops_ring, gup_sewer_entry_bubbles,
          grunt_decor_mini_mirrors
D:4:      layout_loops_corners, minitemple, mainiacjoe_overflow_large_starburst,
          serial_shops, shop
D:5:      layout_layer_cave, uniq_pikel
D:6:      layout_loops_corners, mainiacjoe_overflow_concentric_impassable,
          nicolae_overflow_crystal_walls, tgw_trog, elyvilon_altar_1,
          chequers_serial_rivers_small_3, serial_bayou_pond_a, minivault_27
D:7:      layout_cave_pools, minmay_temple_entry_large_hall, enter_bailey_5,
          uniq_duvessa
D:8:      layout_loops_ring, nicolae_ru_path_of_blood, serial_shops, shop,
          uniq_prince_ribbit1, uniq_maggie
D:9:      layout_basic
D:10:     layout_irregular_city, mainiacjoe_overflow_alcove_1, lair_entry_dummy
D:11:     minmay_thick_lines, layout_cave_pools, uniq_snorg, uniq_maurice
D:12:     layout_loops_corners, david_orc_5, grunt_ministairs_2, uniq_lodul,
          uniq_kirke, uniq_sonja
Temple:   nicolae_temple_bog_church
Lair:1:   layout_cave_pods, uniq_amaemon
Lair:2:   layout_layer_cave, minmay_swamp_entry_worms,
          nicolae_snake_entry_squirm
Lair:3:   layout_long_grid, minivault_25
Lair:4:   layout_gridlike
Lair:5:   evil_forest, layout_loops_ring, dpeg_slime_entry_corner, basic_altar,
          minmay_lindwurm_lava

Skill      XL: |  1  2  3  4  5  6  7  8  9 10 11 12 13 |
---------------+----------------------------------------+-----
Unarmed Combat | 4 5 6 7 8 9 12 14 15 | 15.6
Dodging        | 3 4 5 6 7 9 |  9.2
Fighting       | 4 5 6 7 9 10 11 | 11.0
Stealth        | 2 5 6 9 |  9.0

Action                     |  1- 3 |  4- 6 |  7- 9 | 10-12 | 13-15 || total
---------------------------+-------+-------+-------+-------+-------++-------
  Melee: Unarmed           |   111 |   225 |   229 |   473 |    10 ||  1048
         Tailslap          |    14 |    40 |    44 |    92 |     4 ||   194
         Dagger            |       |     5 |       |       |       ||     5
         Whip              |       |       |    30 |       |       ||    30
         Punch             |       |       |    10 |    58 |     1 ||    69
  Throw: Dart              |       |       |       |     8 |       ||     8
 Invoke: Ancestor Life: He |       |     1 |       |       |       ||     1
         Recall Ancestor   |       |       |    14 |     5 |     1 ||    20
Ability: Breathe Fire      |       |       |     7 |    26 |     1 ||    34
  Evoke: Wand              |       |       |       |     5 |       ||     5
    Use: Scroll            |    12 |     2 |     2 |     5 |     2 ||    23
         Potion            |       |     2 |       |     2 |       ||     4
   Stab: Confused          |       |     4 |     3 |    32 |     1 ||    40
         Distracted        |       |       |     8 |     9 |       ||    17
         Sleeping          |       |       |       |     8 |       ||     8
 Armour: Skin              |    30 |    48 |    41 |    76 |     5 ||   200
  Dodge: Dodged            |    70 |    90 |   135 |   241 |    11 ||   547
  Block: Orb               |       |    31 |    17 |       |       ||    48
         Reflection        |       |     1 |     3 |     7 |       ||    11
         Other             |       |       |    33 |    79 |     2 ||   114
